 Dungeon Crawl Stone Soup version 0.21.1-1-g345015f (webtiles) character file.

98 infcreate the Covered (level 4, -6/40 HPs)
             Began as a Minotaur Fighter on May 1, 2018.
             Mangled by Grinder (8 damage)
             ... while paralysed by Grinder
             ... on level 4 of the Dungeon.
             The game lasted 00:11:52 (2231 turns).

infcreate the Covered (Minotaur Fighter)            Turns: 2231, Time: 00:11:52

Health: -6/40      AC:  7    Str: 21    XL:     4   Next: 44%
Magic:  3/3        EV:  2    Int:  5    God:
Gold:   191        SH:  0    Dex: 10    Spells: 3/3 levels left

rFire    . . .     SeeInvis .   a - +0 war axe
rCold    . . .     Gourm    .   c - +0 shield
rNeg     . . .     Faith    .   b - +0 scale mail
rPois    .         Spirit   .   (helmet restricted)
rElec    .         Reflect  .   (no cloak)
rCorr    .         Harm     .   (no gloves)
MR       .....                  (no boots)
Stlth    ..........             (no amulet)
HPRegen  0.13/turn              (no ring)
MPRegen  0.08/turn              (no ring)

@: paralysed
A: retaliatory headbutt, horns 2
a: no special abilities


You were on level 4 of the Dungeon.
You were not hungry.

You visited 1 branch of the dungeon, and saw 4 of its levels.

You collected 191 gold pieces.

Inventory:

Hand Weapons
 a - a +0 war axe (weapon)
Armour
 b - a +0 scale mail (worn)
 c - a +0 shield (worn)
Jewellery
 p - a cursed amulet of inaccuracy {unknown}
Wands
 r - a wand of acid (12)
Scrolls
 e - a scroll of blinking {unknown}
 g - a scroll of teleportation {unknown}
 h - 2 scrolls of remove curse {unknown}
 j - 3 scrolls of immolation {unknown}
 l - 2 scrolls of identify {unknown}
 m - a scroll of enchant armour {unknown}
Potions
 d - a potion of might
 i - a potion of berserk rage {unknown}
 k - a potion of lignification {unknown}
 n - a potion of mutation {unknown}
 o - a potion of ambrosia {unknown}
 q - a potion of agility {unknown}
 s - a potion of heal wounds {unknown}
Comestibles
 f - 6 rations


   Skills:
 + Level 4.2 Fighting
 + Level 3.6 Axes
 + Level 4.6 Armour
 + Level 4.4 Shields


You had 3 spell levels left.
You didn't know any spells.

Dungeon Overview and Level Annotations

Branches:
Dungeon (4/15)
 Temple: D:4-7

Altars:
Elyvilon
Kikubaaqudgha
Okawaru
Wu Jian

Annotations:
D:4 Grinder


Innate Abilities, Weirdness & Mutations

You reflexively headbutt those who attack you in melee.
You have a pair of horns on your head.


Message History

You block Grinder's attack.
You hit Grinder.
Grinder is almost dead.
Grinder says, "Are you a fish?" Grinder hits you.
You writhe in agony.
* * * LOW HITPOINT WARNING * * *
Grinder hits you.
* * * LOW HITPOINT WARNING * * *
You writhe in agony.
* * * LOW HITPOINT WARNING * * *
You closely miss Grinder.
Grinder is almost dead.
Grinder blinks!
Grinder blinks!
Grinder gestures at you.
You suddenly lose the ability to move!
Grinder hits you.
* * * LOW HITPOINT WARNING * * *
Grinder hits you!
You die...

# .. #. #.## ..# .
#..#..# ..# #.
..#..###...#
......>..#...#
#..#....#...#
#..#........#
##...........#
....#.@..#...# .
###....5.......#
.. ..............#
..##.#...#..#...#
........รท.....#
.##.#.#.####.....#
.................#
<.##..#.########.#
#. #.# ...


You could see Grinder.

Vanquished Creatures
  A worker ant (D:4)
  2 adders
  2 oozes
  A dart slug (D:2)
  A leopard gecko (D:2)
  3 ball pythons
  11 goblins
  5 hobgoblins
  A jackal (D:1)
  6 kobolds
  A quokka (D:2)
  6 bats
  A frilled lizard (D:1)
  5 rats
46 creatures vanquished.

Notes
Turn   | Place    | Note
-------+----------+-------------------------------------------
     0 | D:1      | infcreate the Minotaur Fighter began the quest for the Orb.
     0 | D:1      | Reached XP level 1. HP: 19/19 MP: 0/0
   510 | D:1      | Reached XP level 2. HP: 27/27 MP: 1/1
   775 | D:2      | Found an ornate altar of the Wu Jian Council.
   780 | D:2      | Found an ancient bone altar of Kikubaaqudgha.
   872 | D:2      | Reached XP level 3. HP: 30/33 MP: 2/2
   971 | D:2      | Found a white marble altar of Elyvilon.
  1124 | D:2      | Found an iron altar of Okawaru.
  2087 | D:4      | Reached XP level 4. HP: 34/40 MP: 3/3
  2206 | D:4      | Noticed Grinder
  2210 | D:4      | Paralysed by Grinder for 2 turns
  2225 | D:4      | Paralysed by Grinder for 7 turns
  2230 | D:4      | HP: 2/40 [Grinder (6)]
  2231 | D:4      | Mangled by Grinder

Skill      XL: |  1  2  3 |
---------------+----------+-----
Armour         | 4 |  4.6
Fighting       | 4 |  4.2
Shields        | 4 |  4.4
Axes           | 3 |  3.6

Action                   |  1- 3 |  4- 6 || total
-------------------------+-------+-------++-------
Melee: War axe           |    87 |    12 ||    99
       Headbutt          |    12 |     2 ||    14
  Eat: Chunk             |     3 |     1 ||     4
Armor: Scale mail        |    31 |     4 ||    35
Dodge: Dodged            |    24 |     3 ||    27
Block: Shield            |    43 |     5 ||    48
